 Dungeon Crawl Stone Soup version 0.24-a0-164-g56e1b8f (webtiles) character file.

Game seed: 15975696147783185113

3280 Laiders72 the Basher (level 9, -1/85 HPs)
             Began as a Deep Dwarf Fighter on Mar 6, 2019.
             Was an Initiate of Makhleb.
             Slain by a yak (4 damage)
             ... on level 6 of the Dungeon.
             The game lasted 00:22:18 (4776 turns).

Laiders72 the Basher (Deep Dwarf Fighter)           Turns: 4776, Time: 00:22:18

Health: -1/85      AC: 14    Str: 23    XL:     9   Next: 69%
Magic:  4/4        EV:  5    Int:  8    God:    Makhleb [......]
Gold:   371        SH: 11    Dex: 13    Spells: 8/8 levels left

rFire    . . .     SeeInvis +   I - +3 mace (drain)
rCold    . . .     Gourm    .   c - +0 shield
rNeg     . . .     Faith    .   H - +0 plate armour
rPois    .         Spirit   .   m - +0 helmet
rElec    .         Reflect  .   (no cloak)
rCorr    .         Harm     .   (no gloves)
MR       +....                  (no boots)
Stlth    ..........             (no amulet)
HPRegen  0.00/turn              b - ring of stealth
MPRegen  0.09/turn              r - ring of see invisible

@: non-regenerating, studying Maces & Flails
A: damage resistance, heal wounds, sense surroundings 2, no regeneration
a: Heal Wounds, Renounce Religion


You were on level 6 of the Dungeon.
You worshipped Makhleb.
Makhleb was noncommittal.
You were hungry.

You visited 2 branches of the dungeon, and saw 8 of its levels.

You collected 371 gold pieces.

Inventory:

Hand Weapons
 j - a +0 hunting sling
 x - a +2 mace of protection
 I - a +3 mace of draining (weapon)
Missiles
 n - 48 sling bullets
 t - 7 tomahawks (quivered)
 v - 2 throwing nets
Armour
 c - a +0 shield (worn)
 m - a +0 helmet (worn)
 H - a +0 plate armour (worn)
Jewellery
 b - a ring of stealth (left hand)
 q - an uncursed ring of wizardry
 r - a ring of see invisible (right hand)
 B - an uncursed ring of fire
Scrolls
 e - 3 scrolls of identify
 g - 4 scrolls of teleportation
 h - 3 scrolls of blinking
 i - 5 scrolls of remove curse
 l - a scroll of noise {unknown}
 p - a scroll of fear {unknown}
 G - a scroll of fog {unknown}
Potions
 a - a potion of cancellation
 d - a potion of might
 k - 4 potions of flight
 o - a potion of haste {unknown}
 s - a potion of ambrosia {unknown}
 u - a potion of curing {unknown}
 z - a potion of invisibility {unknown}
 A - a potion of lignification {unknown}
 C - 2 potions of agility
 E - 2 potions of brilliance
 F - a potion of magic {unknown}
Books
 w - a manual of Maces & Flails
Comestibles
 f - 9 rations
 D - a chunk of flesh


   Skills:
 - Level 6.5 Fighting
 + Level 9.4 Maces & Flails
 + Level 7.2 Armour
 + Level 7.3 Shields


You had 8 spell levels left.
You didn't know any spells.
Your spell library contained the following spells:

 Spells                   Type           Power        Failure   Level  Hunger
 Magic Dart               Conj           #...         100%        1    ##.....
 Blink                    Tloc           N/A          100%        2    ###....
 Call Imp                 Summ           #.......     100%        2    ###....
 Searing Ray              Conj           #.....       100%        2    ###....
 Slow                     Hex            #.......     100%        2    ###....
 Conjure Flame            Conj/Fire      #.......     100%        3    ####...
 Dazzling Spray           Conj/Hex       #.....       100%        3    ####...
 Mephitic Cloud           Conj/Pois/Air  #.......     100%        3    ####...
 Force Lance              Conj/Tloc      #.......     100%        4    #####..
 Fulminant Prism          Conj/Hex       #.........   100%        4    #####..
 Iskenderun's Mystic Bla  Conj           #.......     100%        4    #####..


Dungeon Overview and Level Annotations

Branches:
Dungeon (7/15)             Temple (1/1) D:4

Altars:
Ashenzari
Cheibriados
Dithmenos
Elyvilon
Gozag
Hepliaklqana
Kikubaaqudgha
Makhleb
Nemelex Xobeh
Okawaru
Qazlal
Ru
Sif Muna
Trog
Uskayaw
Vehumet
Wu Jian
Xom
Yredelemnul
Zin
The Shining One

Shops:
D:5 [


Innate Abilities, Weirdness & Mutations

You are resistant to damage.
You can heal yourself by infusing magical energy.
You passively map the area around you.
You do not regenerate.


Message History

The leopard gecko bites you but does no damage.
You climb upwards.
There is a stone staircase leading down here.
Your shield and plate armour prevent you from hitting the yak.
The yak gores you but does no damage. You block the yak's attack.
The yak barely misses you.
Your shield and plate armour prevent you from hitting the yak.
You block the yak's attack. The yak gores you.
You hit the yak.
The yak is lightly wounded.
The yak gores you!
* * * LOW HITPOINT WARNING * * *
The yak gores you.
* * * LOW HITPOINT WARNING * * *
The yak gores you!
* * * LOW HITPOINT WARNING * * *
You closely miss the yak.
The yak is lightly wounded.
The yak gores you but does no damage. The yak gores you.
You die...

#.#.# #.#.# #.#.# #.#.#
#.#.# #.#.#
#############.#.#
####......##....Y#.#
...'......'....Y@#.###
####......##.###Y#...#######
####......##.# #.#..##≈≈§§§#
...'......##.#
#.#..##§≈.≈≈###
####......##.#
#.#..##§._..'.# #......##.#
#.#..##§§.≈§#.#
####......##.#
#.#..##≈≈≈≈≈#.#
#.....#+####.#
#.....#######.#
#.###........# ####### #..#


You could see 3 yaks.

Vanquished Creatures
  The ghost of AMisBAD the Cutter, a novice FoAM (D:5)
  Pikel (D:4)
  A black bear (D:6)
  An orc warrior (D:6)
  An ice beast (D:6)
  A sky beast (D:5)
  A phantom (D:4)
  2 gnoll sergeants (D:5)
  2 bullfrogs
  4 scorpions
  A crimson imp (D:6)
  A centaur zombie (D:5)
  A quasit (D:5)
  2 bullfrog zombies (D:6)
  2 gnoll shamans (D:5)
  8 hounds
  3 orc priests
  2 centaur skeletons
  A bullfrog skeleton (D:5)
  3 jellies (D:6)
  An iguana (D:6)
  6 orc wizards
  A worker ant (D:4)
  A worker ant zombie (D:6)
  Robin (D:2)
  7 adders
  17 gnolls
  2 shadow imps (D:6)
  2 oozes (D:2)
  An adder skeleton (D:5)
  3 worms
  A dart slug (D:1)
  4 leopard geckos
  31 orcs
  2 ball pythons
  2 giant cockroaches
  12 goblins
  13 hobgoblins
  8 jackals
  A quokka (D:6)
  8 bats
  6 frilled lizards
  7 kobolds
  A leopard gecko skeleton (D:4)
  A quokka skeleton (D:4)
  6 rats
184 creatures vanquished.

Vanquished Creatures (others)
  A hound (D:4)
  A worm (D:4)
  3 orcs (D:4)
  3 jackals (D:4)
8 creatures vanquished.

Grand Total: 192 creatures vanquished

Notes
Turn   | Place    | Note
-------+----------+-------------------------------------------
     0 | D:1      | Laiders72 the Deep Dwarf Fighter began the quest for the
                  | Orb.
     0 | D:1      | Reached XP level 1. HP: 20/20 MP: 1/1
    79 | D:1      | Reached XP level 2. HP: 18/28 MP: 2/2
   636 | D:2      | Noticed Robin
   649 | D:2      | Reached XP level 3. HP: 11/34 MP: 3/3
   666 | D:2      | Reached skill level 3 in Maces & Flails
   688 | D:2      | Killed Robin
   693 | D:2      | HP: 1/34 [rat (2)]
  1001 | D:2      | Reached XP level 4. HP: 42/44 MP: 2/2
  1298 | D:3      | Noticed a +0 hand axe
  1298 | D:3      | Noticed a +0 dagger
  1306 | D:3      | Found a hide-covered altar of Uskayaw.
  1770 | D:3      | Found a stormy altar of Qazlal.
  1785 | D:3      | Reached XP level 5. HP: 32/50 MP: 3/3
  1789 | D:3      | Reached skill level 4 in Maces & Flails
  1986 | D:4      | Noticed a phantom
  2026 | D:4      | Reached XP level 6. HP: 26/60 MP: 4/4
  2027 | D:4      | Reached skill level 5 in Fighting
  2027 | D:4      | Reached skill level 5 in Maces & Flails
  2131 | D:4      | Found a sparkling altar of Nemelex Xobeh.
  2255 | D:4      | Found a staircase to the Ecumenical Temple.
  2264 | Temple   | Entered the Ecumenical Temple
  2371 | D:4      | Found a shattered altar of Ashenzari.
  2410 | D:4      | Noticed a slave
  2411 | D:4      | Noticed Pikel
  2417 | D:4      | Reached XP level 7. HP: 49/67 MP: 3/3
  2434 | D:4      | Killed Pikel
  2434 | D:4      | Reached skill level 6 in Maces & Flails
  2534 | D:4      | Found an opulent altar of Gozag.
  2560 | D:4      | Reached XP level 8. HP: 30/78 MP: 4/4
  2820 | D:5      | Entered Level 5 of the Dungeon
  2828 | D:5      | Found an ornate altar of the Wu Jian Council.
  2845 | D:5      | Reached skill level 7 in Maces & Flails
  2941 | D:5      | Found a basalt altar of Yredelemnul.
  2992 | D:5      | HP: 1/78 [orc wizard/magic dart (8)]
  3152 | D:5      | Reached skill level 5 in Armour
  3152 | D:5      | Reached skill level 5 in Shields
  3318 | D:5      | Found Jule's Armour Boutique.
  3445 | D:5      | Found a runed translucent door.
  3785 | D:5      | Noticed AMisBAD's ghost (novice FoAM)
  3822 | D:5      | Killed AMisBAD's ghost
  3822 | D:5      | Reached skill level 8 in Maces & Flails
  3822 | D:5      | Gained mutation: You passively map the area around you.
                  | [Deep Dwarf growth]
  3822 | D:5      | Reached XP level 9. HP: 66/85 MP: 4/4
  4099 | D:6      | Reached skill level 9 in Maces & Flails
  4639 | D:6      | Found a burning altar of Makhleb.
  4649 | D:6      | Became a worshipper of Makhleb the Destroyer
  4775 | D:6      | HP: 3/85 [yak (7)]
  4776 | D:6      | Slain by a yak

Levels and vault maps discovered:
D:1:      dpeg_arrival_erosion, layout_rooms, minmay_tree_intersection
D:2:      layout_rooms, hangedman_decor_lopped, uniq_robin
D:3:      layout_basic, dancing_weapons_uskayaw, nicolae_overflow_crystal_walls
D:4:      layout_rooms, nemelex_xobeh_ov_fountains_minmay, lemuel_crystal_altar,
          nicolae_gozag_cash_rules_everything_around_me,
          minmay_temple_entry_poolview, first_ration, uniq_pikel
D:5:      layout_cave_pools, yredelemnul_altar_generic,
          overflow_temple_1_default, ebering_ghost_sewer_d, serial_gnoll_camp,
          gnoll_camp_huts_basic, gnoll_camp_mini_shop, gnoll_camp_mini_house,
          gnoll_camp_mini_hut, gnoll_camp_mini_hut
D:6:      layout_basic, kennysheep_little_box, minmay_manual_mail
D:7:      layout_cave_pools, the_bakery
Temple:   cyrus_circular_temple

Skill      XL: |  1  2  3  4  5  6  7  8  9 |
---------------+----------------------------+-----
Fighting       | 3 4 5 6 |  6.5
Maces & Flails | 3 4 5 6 8 9 |  9.4
Armour         | 6 7 |  7.2
Shields        | 6 7 |  7.3

Action                   |  1- 3 |  4- 6 |  7- 9 || total
-------------------------+-------+-------+-------++-------
Melee: Flail             |   135 |   200 |    17 ||   352
       Mace              |       |       |   535 ||   535
 Abil: Heal Wounds       |     5 |     4 |     7 ||    16
  Use: Scroll            |       |       |    10 ||    10
  Eat: Chunk             |     1 |     5 |     8 ||    14
Armor: Scale mail        |    98 |    53 |       ||   151
       Chain mail        |       |   132 |   333 ||   465
       Plate armour      |       |       |    82 ||    82
Dodge: Dodged            |    68 |    65 |   127 ||   260
Block: Shield            |   102 |   144 |   395 ||   641

Table legend:
 A = Non-vault XP
 B = Vault XP
 C = Vault XP percentage of total XP
 D = Non-vault monster count
 E = Vault monster count
 F = Vault count percentage of total count
                 A         B        C        D         E       F
            +---------+---------+-------+---------+---------+-------
      Total |    2487 |    2199 |  46.9 |     142 |      42 |  22.8
            +---------+---------+-------+---------+---------+-------
        D:1 |      34 |       0 |   0.0 |      20 |       0 |   0.0
        D:2 |      73 |      38 |  34.2 |      21 |      13 |  38.2
        D:3 |     105 |       0 |   0.0 |      25 |       0 |   0.0
        D:4 |     657 |     651 |  49.8 |      23 |       1 |   4.2
        D:5 |     533 |    1373 |  72.0 |      16 |      25 |  61.0
        D:6 |     997 |     137 |  12.1 |      36 |       3 |   7.7
        D:7 |      88 |       0 |   0.0 |       1 |       0 |   0.0
            +---------+---------+-------+---------+---------+-------
